 Dungeon Crawl Stone Soup version 0.20.1-1-g8b1a95d66d (webtiles) character file.

4467 NixNut the Spear-Bearer (level 10, -7/77 HPs)
             Began as a Minotaur Wanderer on Dec 28, 2017.
             Was a Priest of Hepliaklqana.
             Killed by divine providence
             ... invoked by an orc priest
              (13 damage)
             ... on level 8 of the Dungeon.
             The game lasted 00:56:40 (7662 turns).

NixNut the Spear-Bearer (Minotaur Wanderer)         Turns: 7662, Time: 00:56:40

Health: -7/77      AC:  8    Str: 25    XL:     10   Next: 15%
Magic:  9/9        EV: 11    Int:  9    God:    Hepliaklqana [***...]
Gold:   272        SH:  0    Dex: 13    Spells: 9/9 levels left

rFire    . . .     SeeInvis .   K - +3 trident (freeze)
rCold    . . .     Gourm    .   (no shield)
rNeg     + . .     Faith    .   g - +0 ring mail
rPois    .         Spirit   .   (helmet restricted)
rElec    .         Reflect  .   (no cloak)
rCorr    .         Harm     .   N - +0 pair of gloves
MR       .....                  s - +1 pair of boots
Stlth    +.........             (no amulet)
Regen    0.3/turn               r - ring of positive energy
MPRegen  0.2/turn               F - +3 ring of strength

@: mighty
A: retaliatory headbutt, reduced essence, horns 2
a: Recall Ancestor, Ancestor Identity, Transference, Renounce Religion


You were on level 8 of the Dungeon.
You worshipped Hepliaklqana.
Hepliaklqana was most pleased with you.
You were not hungry.

You visited 2 branches of the dungeon, and saw 9 of its levels.

You collected 460 gold pieces.
You spent 188 gold pieces at shops.

Inventory:

Hand Weapons
 a - a +2 falchion
 d - a +0 blowgun
 K - a +3 trident of freezing (weapon)
 O - a cursed -3 rapier
Missiles
 c - 31 poisoned needles (quivered)
 m - 2 tomahawks
Armour
 g - a +0 ring mail (worn)
 s - a +1 pair of boots (worn)
 D - a +0 plate armour
 N - a +0 pair of gloves (worn)
Jewellery
 r - a ring of positive energy (left hand)
 F - a +3 ring of strength (right hand)
 I - a +1 ring of evasion
Wands
 b - a wand of flame (22/48)
 h - a wand of confusion (12/48)
 H - a wand of digging (15/24)
Scrolls
 i - 5 scrolls of remove curse {unknown}
 p - 2 scrolls of blinking {unknown}
 x - 3 scrolls of magic mapping {unknown}
 y - 4 scrolls of noise {unknown}
 z - 6 scrolls of teleportation {unknown}
 B - 2 scrolls of amnesia {unknown}
 C - a scroll of fog {unknown}
 E - a scroll of fear {unknown}
 J - a scroll of random uselessness {unknown}
 L - 2 scrolls of immolation {unknown}
Potions
 e - 2 potions of might
 j - a potion of flight {unknown}
 k - a potion of brilliance {unknown}
 l - 3 potions of mutation
 n - a potion of resistance {unknown}
 q - 2 potions of haste {unknown}
 u - a potion of ambrosia
 v - 5 potions of curing
 w - 2 potions of berserk rage
 A - 4 potions of cancellation
 G - a potion of heal wounds {unknown}
 M - 2 potions of magic
Comestibles
 f - 6 bread rations
 o - 2 royal jellies
 t - 4 meat rations


   Skills:
 - Level 7.4 Fighting
 - Level 11.7 Long Blades
 + Level 12.0 Polearms
 - Level 2.2 Throwing
 - Level 1.5 Armour
 - Level 0.9 Dodging
 - Level 0.5 Stealth
 - Level 1.6 Unarmed Combat
 - Level 1.0 Evocations


You had 9 spell levels left.
You didn't know any spells.

Dungeon Overview and Level Annotations

Branches:
Dungeon (8/15)             Temple (1/1) D:5
   Lair: D:8-11

Altars:
Ashenzari
Cheibriados
Dithmenos
Elyvilon
Fedhas
Gozag
Hepliaklqana
Kikubaaqudgha
Makhleb
Nemelex Xobeh
Okawaru
Qazlal
Sif Muna
Trog
Uskayaw
Vehumet
Xom
Yredelemnul
The Shining One
Lugonu

Shops:
D:4 =


Innate Abilities, Weirdness & Mutations

You reflexively headbutt those who attack you in melee.
You have a pair of horns on your head.
Your life essence is reduced to manifest your ancestor. (-10% HP)


Message History

The orc warrior hits you with a scimitar!!
* * * LOW HITPOINT WARNING * * *
Xu closely misses the orc warrior.
The orc priest mumbles some strange prayers to Beogh against you.
Beogh smites you!
* * * LOW HITPOINT WARNING * * *
You puncture the orc warrior! You freeze the orc warrior.
You kill the orc warrior!
Your Polearms skill increases to level 12!
You barely miss the orc priest. You headbutt the orc priest!
You kill the orc priest!
You impale the wight!! You freeze the wight.
You destroy the wight!
You barely miss the orc priest.
Xu hits the orc priest but does no damage.
The wight closely misses you.
You swap places.
The orc priest mumbles some strange prayers to Beogh against you.
Beogh smites you!
You die...

#.#........#
#.#........###
########.#....>......
#........'...)...##.#
#........#.......##..
####...............#
#.<...........#...
#...........#...#.
#######@........#...#..
#....zoR...###....#...#.
#....z###### #..#...#..
#...o/ ##...#.. # #....
#.#. .#. #.... #... #...


You could see the friendly Xu the hexer, 2 wights, an orc priest and an orc
wizard.

Vanquished Creatures
  The ghost of Gerodin the Conjurer, a novice HuCj (D:7)
  The ghost of Willow the Transmogrifier, a novice DrTm (D:5)
  The ghost of Willow the Changer, a novice OpTm of Dithmenos (D:8)
  2 water moccasins
  An orc warrior (D:8)
  2 black bears (D:6)
  2 phantoms
  A centaur (D:7)
  The ghost of Noxor the Insei, an amateur MfTm (D:6)
  A bullfrog (D:6)
  5 wights
  2 crimson imps
  A bullfrog skeleton (D:6)
  A jelly (D:5)
  A hound (D:4)
  2 orc wizards
  An orc priest (D:8)
  Ijyb (D:3)
  2 centaur skeletons (D:6)
  3 iguanas
  2 worker ants (D:5)
  A hound skeleton (D:5)
  A worker ant zombie (D:7)
  4 gnolls (D:2)
  6 adders
  A shadow imp (D:6)
  3 oozes
  An adder skeleton (D:6)
  4 worms
  2 dart slugs
  4 leopard geckos
  22 orcs
  11 bats
  9 giant cockroaches
  5 goblins
  5 hobgoblins
  7 jackals
  5 kobolds
  4 quokkas
  10 frilled lizards
  A jackal skeleton (D:4)
  A jackal zombie (D:5)
  7 rats
  A spectral orc (D:2)
149 creatures vanquished.

Vanquished Creatures (collateral kills)
  A two-headed ogre (D:8)
  2 ice beasts
  A black bear (D:7)
  2 ogres (D:7)
  A centaur (D:7)
  A wight (D:6)
  A crimson imp (D:7)
  2 hounds
  A bullfrog skeleton (D:4)
  A worker ant (D:4)
  An adder (D:7)
  2 orcs (D:7)
  A giant cockroach (D:6)
  2 kobolds (D:3)
  A leopard gecko zombie (D:7)
20 creatures vanquished.

Vanquished Creatures (others)
  2 hexers (D:6)
2 creatures vanquished.

Grand Total: 171 creatures vanquished

Notes
Turn   | Place    | Note
-------+----------+-------------------------------------------
     0 | D:1      | NixNut the Minotaur Wanderer began the quest for the Orb.
     0 | D:1      | NixNut set off with: a +2 falchion, a +0 quarterstaff, 9 poisoned needles, a +0 blowgun, a +0 robe, a bread ration
     0 | D:1      | Reached XP level 1. HP: 26/26 MP: 0/0
   147 | D:1      | Reached XP level 2. HP: 34/34 MP: 1/1
   351 | D:1      | Reached XP level 3. HP: 39/39 MP: 2/2
   774 | D:2      | Found a basalt altar of Yredelemnul.
   867 | D:2      | Reached skill level 1 in Unarmed Combat
   984 | D:2      | Reached XP level 4. HP: 15/47 MP: 3/3
  1630 | D:2      | Found a deep blue altar of Sif Muna.
  1797 | D:2      | Found a hazy altar of Hepliaklqana.
  1801 | D:2      | Became a worshipper of Hepliaklqana the Forgotten
  1939 | D:3      | Reached XP level 5. HP: 46/46 MP: 4/4
  2150 | D:3      | Noticed Ijyb
  2162 | D:3      | Killed Ijyb
  2348 | D:3      | Found a blossoming altar of Fedhas.
  2601 | D:3      | Reached skill level 5 in Long Blades
  2663 | D:4      | Found a white marble altar of Elyvilon.
  2751 | D:4      | Reached * piety under Hepliaklqana
  2815 | D:4      | Found Huqiguc's Jewellery Emporium.
  2826 | D:4      | Bought a +3 ring of strength for 188 gold pieces
  2841 | D:4      | Noticed a phantom
  2852 | D:4      | Killed a phantom
  2852 | D:4      | Reached XP level 6. HP: 43/54 MP: 5/5
  3082 | D:4      | Found an iron altar of Okawaru.
  3905 | D:5      | Entered Level 5 of the Dungeon
  3915 | D:5      | Noticed Willow's ghost (novice DrTm)
  4005 | D:5      | Reached XP level 7. HP: 51/59 MP: 3/6
  4110 | D:5      | Killed Willow's ghost
  4110 | D:5      | Reached skill level 10 in Long Blades
  4368 | D:5      | Reached XP level 8. HP: 58/65 MP: 7/7
  4511 | D:5      | Found a staircase to the Ecumenical Temple.
  4517 | Temple   | Entered the Ecumenical Temple
  4712 | D:6      | Reached ** piety under Hepliaklqana
  4714 | D:6      | Remembered your ancestor Xu as a hexer
  4848 | D:6      | Noticed Noxor's ghost (amateur MfTm)
  4863 | D:6      | Killed Noxor's ghost
  5430 | D:6      | Reached skill level 1 in Polearms
  5665 | D:6      | Reached skill level 2 in Polearms
  5680 | D:6      | Reached skill level 3 in Polearms
  5888 | D:7      | Reached skill level 4 in Polearms
  6056 | D:7      | Reached skill level 5 in Polearms
  6172 | D:7      | Reached XP level 9. HP: 67/71 MP: 8/8
  6249 | D:7      | Found an opulent altar of Gozag.
  6306 | D:7      | Reached skill level 6 in Polearms
  6376 | D:7      | Reached *** piety under Hepliaklqana
  6394 | D:7      | Reached skill level 7 in Polearms
  6781 | D:7      | Noticed Gerodin's ghost (novice HuCj)
  6803 | D:7      | Killed Gerodin's ghost
  6803 | D:7      | Reached skill level 9 in Polearms
  6967 | D:7      | Found a burning altar of Makhleb.
  7273 | D:7      | Found a shimmering altar of Xom.
  7499 | D:8      | Noticed Willow's ghost (novice OpTm)
  7502 | D:8      | Reached skill level 10 in Polearms
  7508 | D:8      | Killed Willow's ghost
  7585 | D:8      | Found a shattered altar of Ashenzari.
  7630 | D:8      | Noticed a two-headed ogre
  7636 | D:8      | Killed a two-headed ogre
  7636 | D:8      | Reached skill level 11 in Polearms
  7636 | D:8      | Reached XP level 10. HP: 52/77 MP: 9/9
  7658 | D:8      | Reached skill level 12 in Polearms
  7662 | D:8      | Killed from afar by an orc priest

Skill      XL: |  1  2  3  4  5  6  7  8  9 10 |
---------------+-------------------------------+-----
Throwing       | 2 |  2.2
Long Blades    | 2 3 6 7 10 11 | 11.7
Unarmed Combat | 1 |  1.6
Polearms       | 5 11 12 | 12.0
Fighting       | |  7.4
Armour         | |  1.5
Dodging        | |  0.9
Stealth        | |  0.5
Evocations     | |  1.0

Action                   |  1- 3 |  4- 6 |  7- 9 | 10-12 || total
-------------------------+-------+-------+-------+-------++-------
Melee: Falchion          |    40 |   128 |    63 |       ||   231
       Headbutt          |    18 |    29 |    32 |     1 ||    80
       Unarmed           |    51 |     1 |       |       ||    52
       Punch             |       |     1 |     2 |       ||     3
       Trident           |       |       |   141 |     9 ||   150
Throw: Tomahawk          |     3 |     3 |       |       ||     6
Invok: Ancestor Identity |       |     1 |     1 |       ||     2
       Recall Ancestor   |       |     1 |       |       ||     1
       Ancestor Life: He |       |       |     1 |       ||     1
  Use: Scroll            |     2 |     2 |    10 |       ||    14
       Potion            |     1 |       |     1 |       ||     2
 Stab: Confused          |       |       |     5 |       ||     5
  Eat: Meat ration       |       |     2 |     3 |       ||     5
Armor: Ring mail         |    49 |    46 |    26 |     2 ||   123
       Robe              |     1 |       |       |       ||     1
       Leather armour    |     1 |       |       |       ||     1
       Plate armour      |       |     8 |       |       ||     8
Dodge: Dodged            |    52 |    66 |    76 |     2 ||   196
       Rpst.: Falchion   |     9 |    14 |     7 |       ||    30
